 Dungeon Crawl Stone Soup version 0.26-a0-597-gb535b0901c (webtiles) character file.

Game seed: 10929608613159382242

36258 Lanoc the Severer (level 13, 0/145 HPs)
             Began as an Octopode Berserker on Sept 10, 2020.
             Was the Champion of Trog.
             Slain by a phantasmal warrior (3 damage)
             ... led by a death knight
             ... on level 14 of the Dungeon.
             The game lasted 00:23:39 (16146 turns).

Lanoc the Severer (Octopode Berserker)             Turns: 16146, Time: 00:23:39

Health: 0/145      AC:  1    Str: 22    XL:     13   Next: 89%
Magic:  13/13      EV: 28    Int: 15    God:    Trog [******]
Gold:   896        SH:  0    Dex: 23    Spells: 12/12 levels left

rFire    . . .     SeeInvis .   w - +1 war axe (vamp)
rCold    + . .     Faith    .   (no shield)
rNeg     . . .     Spirit   .   (helmet restricted)
rPois    .         Reflect  .   (no amulet)
rElec    .         Harm     .   D - +6 ring of strength
rCorr    .                      l - +4 ring of evasion
MR       .....                  n - ring of protection from cold
Stlth    ..........             G - +6 ring of intelligence
HPRegen  0.34/turn              K - +6 ring of dexterity
MPRegen  0.13/turn              (no ring)
                                (no ring)
                                (no ring)

@: berserking (expiring), slowed
A: almost no armour, stealthy swim, amphibious, 8 rings, constrict 8, camouflage
1, gelatinous body 1
a: Berserk, Trog's Hand, Brothers in Arms, Renounce Religion


You were on level 14 of the Dungeon.
You worshipped Trog.
Trog was exalted by your worship.
You visited 2 branches of the dungeon, and saw 15 of its levels.
You visited the Abyss 1 time.
You also visited: Sewer.

You collected 1088 gold pieces.
You spent 192 gold pieces at shops.

Inventory:

Hand Weapons
 w - a +1 vampiric war axe (weapon)
 B - a +3 battleaxe
 J - a +0 broad axe
Armour
 y - a +0 kite shield
Jewellery
 l - a +4 ring of evasion (right tentacle)
 n - a ring of protection from cold (on tentacle)
 D - a +6 ring of strength (left tentacle)
 G - a +6 ring of intelligence (on tentacle)
 K - a +6 ring of dexterity (on tentacle)
Wands
 g - a wand of digging (9)
 q - a wand of polymorph (7)
 z - a wand of enslavement (3)
 L - a wand of paralysis (7)
Scrolls
 e - 2 scrolls of acquirement {unknown}
 h - 3 scrolls of enchant weapon
 k - 6 scrolls of remove curse
 o - a scroll of blinking {unknown}
 p - 6 scrolls of teleportation
 r - 3 scrolls of enchant armour {unknown}
 u - a scroll of immolation {unknown}
 A - a scroll of fog {unknown}
 F - a scroll of silence {unknown}
 I - a scroll of fear
Potions
 a - a potion of ambrosia
 b - 3 potions of lignification
 c - 3 potions of heal wounds
 d - a potion of stabbing
 f - a potion of cancellation
 i - 3 potions of mutation
 j - 2 potions of magic
 m - 6 potions of flight
 s - 3 potions of haste
 t - a potion of invisibility
 v - 5 potions of curing
 x - a potion of berserk rage
 E - 2 potions of might
Miscellaneous
 C - a phantom mirror


   Skills:
 + Level 12.0 Fighting
 * Level 16.0 Axes
 + Level 12.0 Dodging
 * Level 1.8 Evocations


You had 12 spell levels left.
You didn't know any spells.
Your spell library was empty.

Dungeon Overview and Level Annotations

Branches:
Dungeon (14/15)            Temple (1/1) D:6            Lair (0/6) D:10
    Orc (0/2) D:12         Vaults (0/5) D:13          Sewer (visited)

Altars:
Dithmenos
Gozag
Sif Muna
Beogh

Shops:
D:6 (   D:7 }   D:9 (


Innate Abilities, Weirdness & Mutations

You cannot wear most types of armour.
You are very stealthy in the water. (Stealth+)
You are amphibious.
You can wear up to eight rings at the same time.
You can use your tentacles to constrict eight enemies at once.
Your skin changes colour to match your surroundings (Stealth+).
Your rubbery body absorbs attacks. (AC +1, EV +1)


Message History

You hit the phantasmal warrior. The freezing wraith closely misses you.
The freezing wraith misses you.
The death knight hits you from afar with a +0 halberd!
* * * LOW HITPOINT WARNING * * *
The phantasmal warrior blinks!
You slash the freezing wraith!
You destroy the freezing wraith!
Trog accepts your kill.
You slash the phantasmal warrior! You slash the freezing wraith!
The phantasmal warrior completely misses you.
The freezing wraith misses you. The freezing wraith hits you!
* * * LOW HITPOINT WARNING * * *
The freezing wraith drains your vigour!
You feel as though you will be slow longer.
The death knight completely misses you.
You hit the phantasmal warrior but do no damage.
You squeeze the phantasmal warrior.
The phantasmal warrior is heavily damaged.
You hit the freezing wraith. The phantasmal warrior hits you.
You die...

####.#### #######'##
###....[..### #........#
#...........###........#
#.#.......#..##........#
#....)....##.##........#
#.^.......##.##........#
#.........##†.#§.p.....#
#.#.......###.#.W[.....+
#.........# #.W@.......#
###.......# ###........#
######### ##########


You could see a death knight, a phantasmal warrior and a freezing wraith.

Vanquished Creatures
  2 vault guards (D:13)
  Erolcha (D:10)
  Fannar (D:10)
  5 two-headed ogres
  A death knight (D:12)
  A hydra (D:11)
  A centaur warrior (D:12)
  An unseen horror (D:12)
  An orc knight (D:13)
  2 wizards (D:13)
  A phantasmal warrior (D:12)
  A necromancer (D:13)
  An ugly thing (D:13)
  2 cyclopes
  A manticore (D:14)
  3 centaur zombies (D:13)
  A kobold demonologist (D:13)
  2 komodo dragons
  A yaktaur (D:13)
  A yaktaur (shapeshifter) (D:12)
  4 freezing wraiths
  7 trolls
  2 hornets
  6 hippogriffs
  Prince Ribbit (D:6)
  16 slime creatures
  6 spriggans (D:9)
  Eustachio (D:4)
  4 yaks (D:12)
  A vampire (D:11)
  3 wyverns
  A wraith (D:12)
  2 steam dragons
  19 humans (D:13)
  4 vampire mosquitoes
  An acid dragon (D:12)
  Duvessa (D:4)
  3 black bears
  5 orc warriors
  5 ice beasts
  5 sky beasts
  13 ogres
  3 phantoms
  Purgy (Sewer)
  A necrophage (D:8)
  An eye of draining (D:11)
  2 wolves (D:10)
  6 centaurs
  3 crocodiles
  7 big kobolds
  5 bullfrogs
  Dowan (D:4)
  2 jellies
  A wyvern skeleton (D:12)
  A water moccasin skeleton (D:8)
  2 scorpions
  23 killer bees
  4 wights
  3 electric eels (D:10)
  2 howler monkeys
  3 bullfrog skeletons
  7 hounds
  10 orc priests
  3 centaur skeletons
  Natasha (thrice) (D:4)
  4 iguanas
  12 orc wizards
  12 worker ants
  2 killer bee zombies
  A hound skeleton (D:4)
  Robin (D:3)
  2 howler monkey skeletons
  4 river rats (D:4)
  16 adders
  2 white imps (D:6)
  An ufetubus (D:6)
  2 oozes
  An adder skeleton (D:5)
  An adder zombie (D:7)
  6 worms
  5 leopard geckos
  52 orcs
  5 giant cockroaches
  12 goblins
  5 hobgoblins
  12 jackals
  3 quokkas
  2 ball pythons
  3 bats (D:3)
  3 frilled lizards
  16 kobolds
  A leopard gecko skeleton (D:5)
  A quokka skeleton (D:7)
  6 rats
427 creatures vanquished.

Vanquished Creatures (others)
  A worker ant (D:11)
  A plant (D:2)
2 creatures vanquished.

Grand Total: 429 creatures vanquished

Notes
Turn   | Place    | Note
-------+----------+-------------------------------------------
     0 | D:1      | Lanoc the Octopode Berserker began the quest for the Orb.
     0 | D:1      | Reached XP level 1. HP: 16/16 MP: 1/1
   264 | D:2      | Reached XP level 2. HP: 21/21 MP: 2/2
   372 | D:2      | Reached XP level 3. HP: 23/26 MP: 3/3
   933 | D:2      | Reached skill level 4 in Axes
   933 | D:2      | Reached XP level 4. HP: 26/31 MP: 4/4
  1264 | D:3      | Noticed a phantom
  1276 | D:3      | Killed a phantom
  1276 | D:3      | Reached XP level 5. HP: 37/37 MP: 5/5
  1302 | D:3      | Noticed Robin
  1350 | D:3      | Reached ** piety under Trog
  1396 | D:3      | You fall into a shaft and drop 2 floors!
  1396 | D:5      | Entered Level 5 of the Dungeon
  1403 | D:5      | Noticed a centaur
  1408 | D:5      | Killed a centaur
  1408 | D:5      | Reached skill level 5 in Axes
  1408 | D:5      | Reached XP level 6. HP: 43/43 MP: 6/6
  1862 | D:4      | Reached XP level 7. HP: 49/49 MP: 7/7
  1904 | D:4      | Found a glowing drain.
  1915 | Sewer    | Entered a sewer
  2020 | Sewer    | Noticed Purgy
  2030 | Sewer    | Killed Purgy
  2030 | Sewer    | Reached skill level 6 in Axes
  2246 | D:4      | Noticed Natasha
  2255 | D:4      | Killed Natasha
  2302 | D:4      | Noticed Natasha
  2308 | D:4      | Killed Natasha
  2324 | D:4      | Noticed Eustachio
  2334 | D:4      | Killed Eustachio
  2334 | D:4      | Reached skill level 5 in Fighting
  2334 | D:4      | Reached skill level 5 in Dodging
  2618 | D:4      | Found a shadowy altar of Dithmenos.
  2641 | D:4      | Reached *** piety under Trog
  2649 | D:4      | Reached XP level 8. HP: 52/55 MP: 8/8
  2654 | D:4      | Noticed Dowan
  2662 | D:4      | Noticed Duvessa
  2683 | D:4      | Killed Duvessa
  2683 | D:4      | Reached skill level 7 in Axes
  2684 | D:4      | Noticed Natasha
  3097 | D:4      | Killed Natasha
  3231 | D:3      | Killed Robin
  3600 | D:3      | Found a shimmering blue altar of Sif Muna.
  3761 | D:4      | Killed Dowan
  3987 | D:5      | Got a crystal dagger
  3987 | D:5      | Identified the +2 dagger of Rahuylic {freeze, SInv} (You
                  | found it on level 5 of the Dungeon)
  4017 | D:5      | Reached skill level 8 in Axes
  4755 | D:6      | Noticed Prince Ribbit
  4763 | D:6      | Killed Prince Ribbit
  4763 | D:6      | Reached XP level 9. HP: 63/63 MP: 9/9
  4999 | D:6      | Reached **** piety under Trog
  5129 | D:6      | Reached skill level 9 in Axes
  5137 | D:6      | Found Ciumo's Weapon Boutique.
  5353 | D:6      | Bought a +1 vampiric war axe for 192 gold pieces
  5446 | D:6      | Found a staircase to the Ecumenical Temple.
  5453 | Temple   | Entered the Ecumenical Temple
  6135 | D:7      | Found Xuga's Gadget Boutique.
  6441 | D:7      | Found an opulent altar of Gozag.
  6984 | D:8      | Reached skill level 10 in Axes
  7202 | D:8      | Reached XP level 10. HP: 71/71 MP: 10/10
  7203 | D:8      | Noticed a two-headed ogre
  7213 | D:8      | Killed a two-headed ogre
  7425 | D:8      | Reached ***** piety under Trog
  7728 | D:8      | Reached skill level 11 in Axes
  8000 | D:9      | Found Aliloh's Antique Weapon Boutique.
  8585 | D:9      | Noticed a two-headed ogre
  8596 | D:9      | Killed a two-headed ogre
  8766 | D:9      | Reached XP level 11. HP: 77/77 MP: 11/11
  8824 | D:9      | Reached skill level 12 in Axes
  9052 | D:9      | Noticed a two-headed ogre
  9058 | D:9      | Killed a two-headed ogre
  9176 | D:9      | You fall into a shaft and drop 1 floor!
  9176 | D:10     | Entered Level 10 of the Dungeon
 10252 | D:10     | Noticed a two-headed ogre
 10258 | D:10     | Killed a two-headed ogre
 10531 | D:10     | Found a staircase to the Lair.
 10856 | D:10     | Noticed Fannar
 10864 | D:10     | Killed Fannar
 10864 | D:10     | Reached skill level 13 in Axes
 11138 | D:11     | Noticed a two-headed ogre
 11147 | D:11     | Killed a two-headed ogre
 11147 | D:11     | Reached skill level 10 in Dodging
 11153 | D:11     | Reached skill level 10 in Fighting
 11155 | D:11     | Reached XP level 12. HP: 86/86 MP: 0/12
 11621 | D:11     | Noticed an eight-headed hydra
 11631 | D:11     | Noticed Erolcha
 11639 | D:10     | Killed Erolcha
 11782 | D:11     | Noticed a five-headed hydra
 12089 | D:12     | Noticed a death knight
 12370 | D:12     | Reached skill level 14 in Axes
 12669 | D:12     | Received a gift from Trog
 12902 | D:12     | Reached ****** piety under Trog
 13157 | D:12     | Found a roughly hewn altar of Beogh.
 13157 | D:12     | Found a staircase to the Orcish Mines.
 13217 | D:12     | Killed a death knight
 13313 | D:12     | Noticed a centaur warrior
 13332 | D:12     | Killed a centaur warrior
 14193 | D:11     | Killed an eight-headed hydra
 14193 | D:11     | Reached XP level 13. HP: 95/95 MP: 13/13
 14749 | D:13     | Reached skill level 15 in Axes
 15673 | D:13     | Cast into level 2 of the Abyss (a wizard)
 15688 | D:13     | Escaped the Abyss
 15791 | D:13     | Found a gate to the Vaults.
 15791 | D:13     | Noticed a vault guard
 15791 | D:13     | Noticed a vault guard
 15803 | D:13     | Killed a vault guard
 15804 | D:13     | Killed a vault guard
 16074 | D:14     | Reached skill level 1 in Evocations
 16095 | D:14     | Reached skill level 16 in Axes
 16145 | D:14     | HP: 3/145 [freezing wraith[a death knight] (8)]
 16146 | D:14     | Slain by a phantasmal warrior

Illustrated notes

Levels and vault maps discovered:
D:1:      dpeg_arrival_ratfight, layout_rooms
D:2:      layout_basic, serial_bayou, serial_bayou_pond_b, serial_bayou_pond_b,
          serial_bayou_pond_d, serial_bayou_pond_a
D:3:      minmay_wonky_spiral, layout_rooms, lemuel_blue_sif_altar, uniq_robin
D:4:      layout_loops_ring, lightli_sewer_entry_pipes,
          nicolae_dithmenos_shadow_blocks, uniq_eustachio, uniq_duvessa,
          uniq_natasha
D:5:      layout_gridville
D:6:      layout_basic, minmay_temple_entry_hall, serial_shops,
          nicolae_shop_stone, grunt_ministairs_1, grunt_decor_arrowhead,
          uniq_prince_ribbit1
D:7:      layout_basic, basic_altar, serial_shops, shop
D:8:      layout_basic
D:9:      kb_forest_paths, layout_basic, serial_shops, shop, eino_jars
D:10:     layout_gridville, erik_lair_island, uniq_fannar
D:11:     layout_stronghold, kennysheep_generic_room_4, uniq_erolcha
D:12:     minmay_open_boxes_in_corner, layout_layer_cave, david_orc_5,
          st_stairs_11
D:13:     layout_rooms, grunt_vaults_entry_tiered, hangedman_decor_riveting
D:14:     layout_roguey, basic_altar, corexii_corridor_pit, drop_trap,
          kennysheep_four_rooms, uniq_roxanne, uniq_snorg
Temple:   kilobyte_greek_temple

Skill      XL: |  1  2  3  4  5  6  7  8  9 10 11 12 13 |
---------------+----------------------------------------+-----
Axes           | 4 5 6 8 10 11 13 14 16 | 16.0
Fighting       | 4 5 6 7 8 10 11 12 | 12.0
Dodging        | 4 5 6 7 8 10 11 12 | 12.0
Evocations     | 1 |  1.8

Action                   |  1- 3 |  4- 6 |  7- 9 | 10-12 | 13-15 || total
-------------------------+-------+-------+-------+-------+-------++-------
Melee: Hand axe          |    36 |    51 |   203 |       |       ||   290
       Constrict         |    10 |    10 |    71 |    72 |    26 ||   189
       Tentacles         |     6 |    10 |    63 |   154 |    81 ||   314
       War axe           |       |       |    85 |   557 |   178 ||   820
Invok: Berserk           |     1 |     4 |    16 |    16 |     8 ||    45
Evoke: Wand              |       |       |       |     4 |    10 ||    14
  Use: Scroll            |       |     7 |     8 |     5 |     2 ||    22
       Potion            |       |       |     2 |     2 |       ||     4
 Stab: Sleeping          |     1 |     1 |    12 |    11 |     2 ||    27
       Distracted        |       |       |       |     1 |       ||     1
Armor: Skin              |     1 |       |    12 |     3 |     2 ||    18
Dodge: Dodged            |    25 |    29 |   221 |   593 |   209 ||  1077

Table legend: (Time is in decaauts)
 A = Elapsed time spent in this place.
 B = Non-inter-level travel time spent in this place.
 C = Inter-level travel time spent in this place.
 D = Time resting spent in this place.
 E = Time spent auto-exploring this place.
 F = Levels seen in this place.
 G = Mean time per level.
                   A        B        C        D        E       F      G
               +--------+--------+--------+--------+--------+-----+--------+
         Total |  16429 |  16054 |    375 |    613 |  12808 |  17 |  966.4 |
       Dungeon |  16181 |  15806 |    375 |    613 |  12630 |  14 | 1155.8 |
        Temple |      1 |      1 |      0 |      0 |      0 |   1 |    1.0 |
         Abyss |     18 |     18 |      0 |      0 |      0 |   1 |   18.0 |
         Sewer |    226 |    226 |      0 |      0 |    178 |   1 |  226.0 |
               +--------+--------+--------+--------+--------+-----+--------+

Top non-repeatable levels by time:
    D:12: 2345 daAuts
     D:9: 1789 daAuts
     D:6: 1405 daAuts
     D:5: 1395 daAuts
     D:4: 1388 daAuts
    D:10: 1384 daAuts
    D:11: 1313 daAuts
    D:13: 1267 daAuts
     D:8: 1086 daAuts
     D:2: 877 daAuts
     D:7: 813 daAuts
     D:3: 761 daAuts
     D:1: 238 daAuts
   Sewer: 226 daAuts
    D:14: 115 daAuts
